| TOP OF THE 1ST |
|
Sumter Gamecocks batting - Pitching for Greenville Spinners : RHP Linvel Mosby
|
|
Pitching: RHP Linvel Mosby
|
|
|
Batting: SHB John Cangelosi
|
0-0: Foul Ball, location: 2F 0-1: Ball 1-1: Called Strike 1-2: Strikes out swinging
|
|
Batting: LHB Antonio Tapia
|
0-0: Ball 1-0: Ball 2-0: Ball 3-0: Called Strike 3-1: SINGLE (Groundball, 6D, EV 106.3 MPH)
|
|
Batting: RHB Randy Washington
|
0-0: Called Strike 0-1: Foul Ball, location: 2F 0-2: Ball 1-2: Ball 2-2: Ball 3-2: Fly out, F4 (Popup, 13S, EV 79.4 MPH)
|
|
Batting: LHB Mark Gerard
|
0-0: Ball 1-0: Ball 2-0: Ball 3-0: Base on Balls Antonio Tapia to second
|
|
Batting: LHB Rick Siriano
|
0-0: Ball 1-0: Called Strike 1-1: Called Strike 1-2: Ball 2-2: Foul Ball, location: 2F 2-2: Ball 3-2: Fly out, F7 (Flyball, 7, EV 90.0 MPH)
|
| Top of the 1st over - 0 runs, 1 hit, 0 errors, 2 left on base; Sumter 0 - Greenville 0 |
| BOTTOM OF THE 1ST |
|
Greenville Spinners batting - Pitching for Sumter Gamecocks : RHP Lance McCullers
|
|
Pitching: RHP Lance McCullers
|
|
|
Batting: RHB Tony Russell
|
0-0: Called Strike 0-1: Called Strike 0-2: Foul Ball, location: 2F 0-2: Ball 1-2: Ground out U3 (Groundball, 3L, EV 88.8 MPH)
|
|
Batting: LHB John Edmonds
|
0-0: Foul Ball, location: 2F 0-1: Ball 1-1: Ball 2-1: Ball 3-1: Ground out 4-3 (Groundball, 4, EV 83.1 MPH)
|
|
Batting: LHB William Hance
|
0-0: Ball 1-0: Ball 2-0: Foul Ball, location: 2F 2-1: Swinging Strike 2-2: Foul Ball, location: 2F 2-2: Foul Ball, location: 2F 2-2: Strikes out swinging
|
| Bottom of the 1st over - 0 runs, 0 hits, 0 errors, 0 left on base; Sumter 0 - Greenville 0 |
| TOP OF THE 2ND |
|
Sumter Gamecocks batting - Pitching for Greenville Spinners : RHP Linvel Mosby
|
|
Batting: RHB Vaughn Calloway
|
0-0: Foul Ball, location: 2F 0-1: Foul Ball, location: 2F 0-2: Ball 1-2: Foul Ball, location: 2F 1-2: Foul Ball, location: 2F 1-2: Fly out, F8 (Flyball, 8RD, EV 93.1 MPH)
|
|
Batting: RHB Jerry Hidalgo
|
0-0: Swinging Strike 0-1: Ball 1-1: Fly out, F8 (Flyball, 8LD, EV 93.1 MPH)
|
|
Batting: RHB David Howard
|
0-0: Ball 1-0: Foul Ball, location: 2F 1-1: DOUBLE (Flyball, 9LD, EV 115.6 MPH)
|
|
Batting: RHB Juan Hernandez
|
0-0: Fly out, F4 (Flyball, 4D, EV 87.5 MPH)
|
| Top of the 2nd over - 0 runs, 1 hit, 0 errors, 1 left on base; Sumter 0 - Greenville 0 |
| BOTTOM OF THE 2ND |
|
Greenville Spinners batting - Pitching for Sumter Gamecocks : RHP Lance McCullers
|
|
Batting: RHB Ronald Carapezzi
|
0-0: Ball 1-0: Called Strike 1-1: Foul Ball, location: 2F 1-2: Strikes out looking
|
|
Batting: RHB Richard Duran
|
0-0: Ball 1-0: Called Strike 1-1: Ball 2-1: Swinging Strike 2-2: Ball 3-2: Base on Balls
|
|
Batting: RHB Glenn Robertson
|
0-0: Foul Ball, location: 2F 0-1: Ball 1-1: Ball 2-1: Foul Ball, location: 2F 2-2: Foul Ball, location: 2F 2-2: Ball 3-2: Foul Ball, location: 2F 3-2: Fly out, F3 (Popup, 3SF, EV 71.9 MPH)
|
|
Batting: RHB Michael McEvilly
|
0-0: Foul Ball, location: 2F 0-1: Ground out 6-3 (Groundball, 6S, EV 73.1 MPH)
|
| Bottom of the 2nd over - 0 runs, 0 hits, 0 errors, 1 left on base; Sumter 0 - Greenville 0 |
| TOP OF THE 3RD |
|
Sumter Gamecocks batting - Pitching for Greenville Spinners : RHP Linvel Mosby
|
|
Batting: SHB John Cangelosi
|
0-0: Ball 1-0: Ball 2-0: Ball 3-0: Base on Balls
|
|
Batting: LHB Antonio Tapia
|
0-0: DOUBLE (Flyball, 8RXD, EV 96.9 MPH) John Cangelosi to third John Cangelosi scores
|
|
Batting: RHB Randy Washington
|
0-0: Ball 1-0: Ball 2-0: Fly out, F1 (Popup, P, EV 81.9 MPH)
|
|
Batting: LHB Mark Gerard
|
0-0: DOUBLE (Line Drive, 9LD, EV 102.5 MPH) Antonio Tapia scores
|
|
Batting: LHB Rick Siriano
|
0-0: Called Strike 0-1: Ball 1-1: Fly out, F8 (Flyball, 8LD, EV 88.8 MPH)
|
|
Batting: RHB Vaughn Calloway
|
0-0: Ball 1-0: Called Strike 1-1: Foul Ball, location: 2F 1-2: Ball 2-2: Strikes out swinging
|
| Top of the 3rd over - 2 runs, 2 hits, 0 errors, 1 left on base; Sumter 2 - Greenville 0 |
| BOTTOM OF THE 3RD |
|
Greenville Spinners batting - Pitching for Sumter Gamecocks : RHP Lance McCullers
|
|
Batting: RHB Luis Salazar
|
0-0: Ball 1-0: Called Strike 1-1: Ball 2-1: Swinging Strike 2-2: Strikes out looking
|
|
Batting: RHB Darrell Woodard
|
0-0: Ball 1-0: Ball 2-0: Ball 3-0: Base on Balls
|
|
Batting: RHB Tony Russell
|
0-0: Ball 1-0: Reached on error, E6 (Groundball, 6, EV 82.5 MPH) Darrell Woodard to second
|
|
Batting: LHB John Edmonds
|
0-0: Grounds out, U3 (Groundball, 3L, EV 85.6 MPH) Darrell Woodard to third
|
|
Batting: LHB William Hance
|
0-0: Called Strike 0-1: Ball 1-1: Ball 2-1: Swinging Strike 2-2: 3-RUN HOME RUN (Flyball, 9D, EV 101.3 MPH), Distance : 366 ft
|
|
Batting: RHB Ronald Carapezzi
|
0-0: Ball 1-0: Called Strike 1-1: Called Strike 1-2: Ball 2-2: Reached via error on a dropped throw from SS, E3 (Groundball, 56D, EV 108.1 MPH)
|
|
Batting: RHB Richard Duran
|
0-0: Ball 1-0: Called Strike 1-1: Foul Ball, location: 2F 1-2: Foul Ball, location: 2F 1-2: DOUBLE (Line Drive, 89D, EV 100.6 MPH) Ronald Carapezzi to third Runner from 3rd tries for Home, SAFE, throw by CF to trailing runner, OUT at third! 8-3-5
|
| Bottom of the 3rd over - 4 runs, 2 hits, 2 errors, 0 left on base; Sumter 2 - Greenville 4 |
| TOP OF THE 4TH |
|
Sumter Gamecocks batting - Pitching for Greenville Spinners : RHP Linvel Mosby
|
|
Batting: RHB Jerry Hidalgo
|
0-0: Ball 1-0: Ball 2-0: Ball 3-0: Base on Balls
|
|
Batting: RHB David Howard
|
0-0: Ball 1-0: Called Strike 1-1: Called Strike 1-2: Ball 2-2: Foul Ball, location: 2F 2-2: Strikes out looking
|
|
Batting: RHB Juan Hernandez
|
0-0: Ball 1-0: Fly out, F9 (Flyball, 89S, EV 73.1 MPH)
|
|
Batting: SHB John Cangelosi
|
0-0: Foul Ball, location: 2F 0-1: Foul Ball, location: 2F 0-2: Ball 1-2: Ball 2-2: Foul Ball, location: 2F 2-2: Fly out, F8 (Flyball, 8LXD, EV 107.5 MPH)
|
| Top of the 4th over - 0 runs, 0 hits, 0 errors, 1 left on base; Sumter 2 - Greenville 4 |
| BOTTOM OF THE 4TH |
|
Greenville Spinners batting - Pitching for Sumter Gamecocks : RHP Lance McCullers
|
|
Batting: RHB Glenn Robertson
|
0-0: Ball 1-0: SINGLE (Groundball, 6MD, EV 104.4 MPH)
|
|
Batting: RHB Michael McEvilly
|
0-0: Ground out 3-1 (Groundball, 34S, EV 81.9 MPH) Glenn Robertson to second
|
|
Batting: RHB Luis Salazar
|
0-0: Ball 1-0: Called Strike 1-1: Ball 2-1: Ball 3-1: Foul Ball, location: 2F 3-2: Strikes out looking
|
|
Batting: RHB Darrell Woodard
|
0-0: Ball 1-0: Ball 2-0: Called Strike 2-1: Fly out, F8 (Flyball, 8RD, EV 92.5 MPH)
|
| Bottom of the 4th over - 0 runs, 1 hit, 0 errors, 1 left on base; Sumter 2 - Greenville 4 |
| TOP OF THE 5TH |
|
Sumter Gamecocks batting - Pitching for Greenville Spinners : RHP Linvel Mosby
|
|
Batting: LHB Antonio Tapia
|
0-0: Ground out U3 (Groundball, 34S, EV 89.4 MPH)
|
|
Batting: RHB Randy Washington
|
0-0: Ball 1-0: Foul Ball, location: 2F 1-1: Foul Ball, location: 2F 1-2: Ball 2-2: Ball 3-2: Ground out 3-1 (Groundball, 34, EV 97.5 MPH)
|
|
Batting: LHB Mark Gerard
|
0-0: Swinging Strike 0-1: Ball 1-1: Ground out 5-3 (Groundball, 5, EV 95.6 MPH)
|
| Top of the 5th over - 0 runs, 0 hits, 0 errors, 0 left on base; Sumter 2 - Greenville 4 |
| BOTTOM OF THE 5TH |
|
Greenville Spinners batting - Pitching for Sumter Gamecocks : RHP Lance McCullers
|
|
Batting: RHB Tony Russell
|
0-0: Ball 1-0: Fly out, F8 (Flyball, 8RD, EV 94.4 MPH)
|
|
Batting: LHB John Edmonds
|
0-0: Fly out, F8 (Line Drive, 8LD, EV 93.1 MPH)
|
|
Batting: LHB William Hance
|
0-0: Ground out 6-3 (Groundball, 6, EV 82.5 MPH)
|
| Bottom of the 5th over - 0 runs, 0 hits, 0 errors, 0 left on base; Sumter 2 - Greenville 4 |
| TOP OF THE 6TH |
|
Sumter Gamecocks batting - Pitching for Greenville Spinners : RHP Linvel Mosby
|
|
Batting: LHB Rick Siriano
|
0-0: Swinging Strike 0-1: Foul Ball, location: 2F 0-2: Ball 1-2: Ball 2-2: Foul Ball, location: 2F 2-2: Foul Ball, location: 2F 2-2: Strikes out swinging
|
|
Batting: RHB Vaughn Calloway
|
0-0: Ball 1-0: Ball 2-0: Called Strike 2-1: Fly out, F7 (Flyball, 78M, EV 80.6 MPH)
|
|
Batting: RHB Jerry Hidalgo
|
0-0: Ball 1-0: Called Strike 1-1: Swinging Strike 1-2: Ball 2-2: Ball 3-2: Foul Ball, location: 2F 3-2: Ground out 5-3 (Groundball, 5, EV 101.9 MPH)
|
| Top of the 6th over - 0 runs, 0 hits, 0 errors, 0 left on base; Sumter 2 - Greenville 4 |
| BOTTOM OF THE 6TH |
|
Greenville Spinners batting - Pitching for Sumter Gamecocks : RHP Lance McCullers
|
|
Batting: RHB Ronald Carapezzi
|
0-0: Ball 1-0: Swinging Strike 1-1: Ball 2-1: TRIPLE (Flyball, 9LD, EV 111.3 MPH)
|
|
Batting: RHB Richard Duran
|
0-0: Foul Ball, location: 2F 0-1: Fly out, F5 (Flyball, 56D, EV 85.6 MPH)
|
|
Batting: RHB Glenn Robertson
|
0-0: Ball 1-0: Called Strike 1-1: Ball 2-1: Called Strike 2-2: Ball 3-2: Ground out 5-3 (Groundball, 56, EV 76.9 MPH) Ronald Carapezzi scores
|
|
Batting: RHB Michael McEvilly
|
0-0: Ball 1-0: Foul Ball, location: 2F 1-1: Swinging Strike 1-2: Ball 2-2: Foul Ball, location: 2F 2-2: Ball 3-2: Strikes out swinging
|
| Bottom of the 6th over - 1 run, 1 hit, 0 errors, 0 left on base; Sumter 2 - Greenville 5 |
| TOP OF THE 7TH |
|
Sumter Gamecocks batting - Pitching for Greenville Spinners : RHP Linvel Mosby
|
|
Batting: RHB David Howard
|
0-0: Ball 1-0: Called Strike 1-1: Swinging Strike 1-2: Fly out, F5 (Popup, 56S, EV 83.1 MPH)
|
|
Batting: RHB Juan Hernandez
|
0-0: Called Strike 0-1: Called Strike 0-2: Strikes out swinging
|
|
Batting: SHB John Cangelosi
|
0-0: DOUBLE (Line Drive, 9LM, EV 107.5 MPH)
|
|
Batting: LHB Antonio Tapia
|
0-0: Foul Ball, location: 2F 0-1: Foul Ball, location: 2F 0-2: Strikes out swinging
|
| Top of the 7th over - 0 runs, 1 hit, 0 errors, 1 left on base; Sumter 2 - Greenville 5 |
| BOTTOM OF THE 7TH |
|
Greenville Spinners batting - Pitching for Sumter Gamecocks : RHP Lance McCullers
|
|
Batting: RHB Luis Salazar
|
0-0: Ball 1-0: Ball 2-0: Foul Ball, location: 2F 2-1: Ball 3-1: Ground out 4-3 (Groundball, 4, EV 86.3 MPH)
|
|
Batting: RHB Darrell Woodard
|
0-0: Ball 1-0: Foul Ball, location: 2F 1-1: Fly out, F9 (Flyball, 9, EV 86.3 MPH)
|
|
Batting: RHB Tony Russell
|
0-0: Ball 1-0: Foul Ball, location: 2F 1-1: Ball 2-1: Ball 3-1: Swinging Strike 3-2: Base on Balls
|
|
Batting: LHB John Edmonds
|
0-0: Fly out, F4 (Popup, 4M, EV 60.0 MPH)
|
| Bottom of the 7th over - 0 runs, 0 hits, 0 errors, 1 left on base; Sumter 2 - Greenville 5 |
| TOP OF THE 8TH |
|
Sumter Gamecocks batting - Pitching for Greenville Spinners : RHP Linvel Mosby
|
|
Batting: RHB Randy Washington
|
0-0: Foul Ball, location: 2F 0-1: Ball 1-1: Swinging Strike 1-2: Strikes out swinging
|
|
Batting: LHB Mark Gerard
|
0-0: Called Strike 0-1: Swinging Strike 0-2: Foul Ball, location: 2F 0-2: Foul Ball, location: 2F 0-2: Ball 1-2: Ball 2-2: Strikes out looking
|
|
Batting: LHB Rick Siriano
|
0-0: Ground out 5-3 (Groundball, 56S, EV 83.1 MPH)
|
| Top of the 8th over - 0 runs, 0 hits, 0 errors, 0 left on base; Sumter 2 - Greenville 5 |
| BOTTOM OF THE 8TH |
|
Greenville Spinners batting - Pitching for Sumter Gamecocks : RHP Lance McCullers
|
|
Batting: LHB William Hance
|
0-0: Ball 1-0: Ball 2-0: Foul Ball, location: 2F 2-1: Swinging Strike 2-2: Ball 3-2: Base on Balls
|
|
Batting: RHB Ronald Carapezzi
|
0-0: Ball 1-0: Ball 2-0: Ball 3-0: Base on Balls William Hance to second
|
|
Pitching: RHP Todd Fischer
|
|
|
Batting: RHB Richard Duran
|
0-0: Reached on error, E9 (Flyball, 9, EV 89.4 MPH) William Hance to third Ronald Carapezzi to second
|
|
Batting: RHB Glenn Robertson
|
0-0: Swinging Strike 0-1: Ball 1-1: SINGLE (Flyball, 4MD, EV 93.8 MPH) William Hance scores Ronald Carapezzi to third Richard Duran to second Runner from 3rd tries for Home, SAFE, throw by CF to home
|
|
Batting: RHB Michael McEvilly
|
0-0: Ball 1-0: Fly out, F9 (Line Drive, 9D, EV 96.9 MPH) Runner from 2nd tags up, SAFE at 3rd, no throw by RF
|
|
Batting: RHB Luis Salazar
|
0-0: Ground out 4-3 (Groundball, 4S, EV 61.3 MPH) Richard Duran scores Glenn Robertson to second
|
|
Batting: RHB Darrell Woodard
|
0-0: Foul Ball, location: 2F 0-1: Ball 1-1: SINGLE (Line Drive, 89M, EV 93.8 MPH) Glenn Robertson to third
|
|
Batting: RHB Tony Russell
|
0-0: Swinging Strike 0-1: Swinging Strike 0-2: Ball 1-2: Strikes out swinging
|
| Bottom of the 8th over - 3 runs, 2 hits, 1 error, 2 left on base; Sumter 2 - Greenville 8 |
| TOP OF THE 9TH |
|
Sumter Gamecocks batting - Pitching for Greenville Spinners : RHP Linvel Mosby
|
|
Batting: RHB Vaughn Calloway
|
0-0: Called Strike 0-1: Called Strike 0-2: Ball 1-2: Hit by Pitch
|
|
Batting: RHB Jerry Hidalgo
|
0-0: Foul Ball, location: 2F 0-1: Foul Ball, location: 2F 0-2: SINGLE (Groundball, 56D, EV 110.6 MPH) Vaughn Calloway to second
|
|
Batting: RHB David Howard
|
0-0: SINGLE (Groundball, 6MD, EV 105.0 MPH) Vaughn Calloway to third Jerry Hidalgo to second
|
|
Batting: RHB Juan Hernandez
|
0-0: Ball 1-0: Ball 2-0: Ball 3-0: Swinging Strike 3-1: Grounds into double play, 6-4-3 (Groundball, 6, EV 105.6 MPH) Vaughn Calloway scores Jerry Hidalgo to third
|
|
Pitching: RHP Rafael Camarena
|
|
|
Batting: SHB John Cangelosi
|
0-0: Ball 1-0: Ball 2-0: Ball 3-0: Base on Balls
|
|
Batting: LHB Antonio Tapia
|
0-0: Fielders Choice at 2nd, 6-4 (Groundball, 6, EV 82.5 MPH)
|
| Top of the 9th over - 1 run, 2 hits, 0 errors, 2 left on base; Sumter 3 - Greenville 8 |
|